 Dungeon Crawl Stone Soup version 0.30-a0-632-g346586fe48 (webtiles) character file.

Game seed: 15658151300461978130

7375 OTABOTABOTAB the Destroyer (level 10, -3/50 HPs)
             Began as a Deep Elf Conjurer on Jan 13, 2023.
             Was a Believer of Sif Muna.
             Shot with a sling bullet by Joseph (15 damage)
             ... on level 10 of the Dungeon.
             The game lasted 00:21:02 (8904 turns).

OTABOTABOTAB the Destroyer (Deep Elf Conjurer)      Turns: 8904, Time: 00:21:03

Health: -3/50      AC:  9    Str:  4    XL:     10   Next: 91%
Magic:  10/36      EV: 27    Int: 28    God:    Sif Muna [**....]
Gold:   568        SH:  0    Dex: 13    Spells: 20/31 levels left

rFire   . . .      SeeInvis .    q - staff of conjuration
rCold   . . .      Faith    .    i - orb {light}
rNeg    . . .      Spirit   .    Q - +0 steam dragon scales
rPois   .          Reflect  .    g - +1 helmet
rElec   .          Harm     .    (no cloak)
rCorr   .          Rampage  .    (no gloves)
Will    +....                    r - +1 pair of boots
Stlth   +                        l - amulet of the acrobat
HPRegen 0.28/turn                Z - ring of wizardry {Wiz+, !d}
MPRegen 0.25/turn                x - ring of magical power {MP+9}

@: acrobatic, slowed, glowing, very slow
A: no striking features
a: Renounce Religion, Channel Magic


You were on level 10 of the Dungeon.
You worshipped Sif Muna.
Sif Muna was pleased with you.
You visited 1 branch of the dungeon, and saw 10 of its levels.

You collected 568 gold pieces.

Inventory:

Missiles
 k - 3 boomerangs
 p - 25 poisoned darts
 s - 17 stones
 t - 5 curare-tipped darts
Armour
 g - a +1 helmet (worn)
   (You found it on level 5 of the Dungeon)
 i - an orb of light (worn)
   (You found it on level 2 of the Dungeon)
 r - a +1 pair of boots (worn)
   (You found it on level 3 of the Dungeon)
 Q - +0 steam dragon scales (worn)
   (You found it on level 7 of the Dungeon)
Magical Staves
 a - a staff of air {rElec}
   (You found it on level 6 of the Dungeon)
 q - a staff of conjuration (weapon)
   (You found it on level 8 of the Dungeon)
Jewellery
 b - a +5 ring of evasion
   (You found it on level 3 of the Dungeon)
 c - a ring of ice {rC+, rF-}
   (You took it off an orc on level 8 of the Dungeon)
 l - an amulet of the acrobat (around neck)
   (You found it on level 2 of the Dungeon)
 u - a +5 ring of evasion
   (You found it on level 5 of the Dungeon)
 x - a ring of magical power (right hand) {MP+9}
   (You found it on level 3 of the Dungeon)
 F - a ring of protection from fire {rF+, !d}
   (You found it on level 1 of the Dungeon)
 G - a ring of resist corrosion
   (You found it on level 7 of the Dungeon)
 P - a ring of poison resistance {rPois, !d}
   (You found it on level 8 of the Dungeon)
 Z - a ring of wizardry (left hand) {Wiz+, !d}
   (You found it on level 4 of the Dungeon)
Wands
 e - a wand of charming (6)
   (You took it off Ijyb on level 3 of the Dungeon)
 y - a wand of mindburst (36)
   (You found it on level 4 of the Dungeon)
 K - a wand of roots (9)
   (You found it on level 5 of the Dungeon)
Scrolls
 h - a scroll of amnesia
 w - a scroll of torment {!r}
 H - a scroll of enchant weapon
 X - a scroll of magic mapping {@r4!r}
 Y - 3 scrolls of teleportation {@r3}
Potions
 d - 2 potions of attraction {unknown}
 f - 3 potions of lignification {unknown}
 j - 2 potions of haste {unknown}
 m - 2 potions of cancellation {unknown}
 n - a potion of berserk rage {unknown}
 o - a potion of degeneration {unknown}
 C - 2 potions of heal wounds {unknown}
 D - 3 potions of ambrosia {unknown}
 I - a potion of mutation {unknown}
 J - 3 potions of curing {@q1}
 L - 6 potions of flight
 M - 3 potions of might
 N - a potion of invisibility {unknown}
 O - 4 potions of magic
Miscellaneous
 z - a box of beasts
   (You found it on level 9 of the Dungeon)


   Skills:
 - Level 2.4 Dodging
 - Level 2.4 Stealth
 + Level 11.2 Spellcasting
 * Level 13.5 Conjurations
 - Level 4.0 Hexes
 - Level 4.0 Translocations
 + Level 7.8 Invocations


You had 20 spell levels left.
You knew the following spells:

 Your Spells              Type           Power      Damage    Failure   Level
a - Magic Dart            Conj           100%       1d8       0%          1
b - Searing Ray           Conj           100%       2d8       0%          2
c - Fulminant Prism       Conj/Hex       38%        3d17      1%          4
x - Iskenderun's Mystic   Conj/Tloc      77%        2d15      1%          4

Your spell library contained the following spells:

 Spells                   Type           Power      Damage    Failure   Level
 Kiss of Death            Conj/Necr      100%       2d13      1%          1
 Summon Small Mammal      Summ           60%        N/A       1%          1
 Ensorcelled Hibernation  Hex/Ice        52%        N/A       1%          2
 Confusing Touch          Hex            38%        N/A       1%          3
 Dazzling Flash           Conj/Hex       100%       N/A       1%          3
 Lesser Beckoning         Tloc           76%        N/A       1%          3
 Mephitic Cloud           Conj/Pois/Air  57%        N/A       1%          3
 Summon Guardian Golem    Hex/Summ       26%        N/A       1%          3
 Call Imp                 Summ           15%        N/A       2%          2
 Passwall                 Tmut/Erth      12%        N/A       2%          2
 Call Canine Familiar     Summ           15%        N/A       4%          3
 Swiftness                Air            15%        N/A       4%          3
 Dispel Undead            Necr           15%        3d10      14%         4
 Silence                  Hex/Air        13%        N/A       17%         5
 Malign Gateway           Summ/Tloc      13%        N/A       99%         7


Dungeon Overview and Level Annotations

Branches:
Dungeon (10/15)            Temple (0/1) D:6            Lair (0/5) D:8
    Orc: D:9-12

Altars:
Ashenzari
Dithmenos
Elyvilon
Fedhas
Gozag
Makhleb
Okawaru
Ru
Sif Muna
Wu Jian
The Shining One

Annotations:
D:10 Joseph


Message History

You kill the wyvern!
Sif Muna accepts your kill.
Your Conjurations skill increases to level 13!
You now have 28/35 mp.
Erica the Fiery-Tempered comes into view.
She is wielding a +3 scimitar of flaming and wearing a +2 robe of positive energy.
You feel a surge of power!
You conjure a prism of explosive energy!
A fulminant prism comes into view.
Erica gestures at you while chanting.
You are confused.
You now have 24/35 mp.
Your fulminant prism crackles loudly.
Erica gestures wildly while chanting.
Erica flickers and vanishes!
Deactivating autopickup; reactivate with Ctrl-A.
You hear a howl!
You feel better.
You feel a surge of power!
You conjure a prism of explosive energy!
A fulminant prism comes into view.
You now have 21/35 mp.
Aim: Erica, wielding a +3 scimitar of flaming and wearing a +2 robe of positive energy (slightly transparent, haloed, 85% to hit)
You feel a surge of power!
The searing ray hits Erica! (Press . to maintain the ray.)
Your fulminant prism crackles loudly.
Erica points at you and mumbles some strange words.
The lance of force misses you.
You now have 20/35 mp.
The searing ray hits Erica.
The blast of energy engulfs Erica!!
Erica casts a spell at you.
You feel yourself slow down.
You hear a howl! x2; You hear two shouts!
You now have 19/35 mp.
The searing ray hits Erica.
You now have 18/35 mp.
The searing ray hits Erica.
You finish channelling your searing ray.
Erica casts a spell at you.
You are confused.
You now have 17/35 mp.
You feel better.
Erica hits you with a +3 scimitar of flaming.
Erica burns you.
You take 8 damage, and have 42/50 hp.
You feel a surge of power!
You erupt in a blast of force!
The mystic blast hits Erica!!
You kill Erica!
Sif Muna accepts your kill.
Reactivating autopickup.
Your Spellcasting skill increases to level 11!
You now have 14/36 mp.
Unknown command.
You start resting.
A two-headed ogre comes into view. It is wielding two +0 giant clubs.
You regained 2 hp, and now have 44/50 hp.
You regained 2 mp, and now have 16/36 mp.
You feel a surge of power!
You conjure a prism of explosive energy!
A fulminant prism comes into view.
You now have 12/36 mp.
Your fulminant prism crackles loudly.
The blast of energy engulfs the two-headed ogre!!
You hear a howl!
You hear a shout!
You feel a surge of power!
You miscast Iskenderun's Mystic Blast.
You are very lightly contaminated with residual magic.
Nothing appears to happen.
The two-headed ogre hits you with a +0 giant club!!
Ouch! That really hurt!
The two-headed ogre hits you but does no damage.
You take 27 damage, and have 19/50 hp.
MASSIVE DAMAGE!!
You now have 10/36 mp.
You feel a surge of power!
You erupt in a blast of force!
The mystic blast hits the two-headed ogre!!
The two-headed ogre is knocked back by the mystic blast.
You now have 6/36 mp.
You feel a surge of power!
The searing ray hits the two-headed ogre!
You kill the two-headed ogre!
Sif Muna accepts your kill. (Press . to maintain the ray.)
You now have 4/36 mp.
You start resting.
Your magical contamination has completely faded away.
You regained 2 hp, and now have 22/50 hp.
You regained 2 mp, and now have 6/36 mp.
Unknown command.
You start resting.
Joseph, a Mercenary comes into view.
He is wielding a +0 spectral quarterstaff and wearing a +3 leather armour of fire resistance.
You regained 4 hp, and now have 26/50 hp.
You regained 4 mp, and now have 10/36 mp.
Joseph unwields a +0 spectral quarterstaff.
Joseph wields a +0 sling.
Joseph shoots a sling bullet.
The sling bullet hits you!
* * * LOW HITPOINT WARNING * * *
You take 15 damage, and have 11/50 hp.
MASSIVE DAMAGE!!
Joseph shoots a sling bullet.
The sling bullet hits you!
You die...

.......#
.........#........##
.......# #....###
#........## .......#
#....# #........##
......... #....#
#........##
.....[... #.†<)#
########..# ##..).#
##.. #..#.....# ###
#.@......# ######
#.#.###@#### #....#
#....## #.....
####..# #....#
#.#####.# #>...#
#.....#.## ##.###
#....#### #.# #
###.....# ##.# #
##.##.###..# #
#.....##.## #


You could see Joseph.

Vanquished Creatures
  Erica (D:10)
  2 two-headed ogres
  Maggie (D:9)
  A troll (D:9)
  Sigmund (D:3)
  9 yaks (D:9)
  A wyvern (D:10)
  A steam dragon (D:7)
  Menkaure (D:5)
  A water moccasin (D:7)
  A black bear (D:4)
  2 orc warriors
  3 ice beasts
  3 centaurs
  A phantom (D:5)
  3 kobold brigands
  A necrophage (D:6)
  5 bullfrogs
  A gnoll sergeant (D:8)
  9 wights
  12 killer bees
  A howler monkey (D:9)
  4 jellies
  2 hounds
  A gnoll bouda (D:8)
  2 orc priests
  Ijyb (D:3)
  3 orc wizards
  8 gnolls (D:8)
  5 adders
  A shadow imp (D:7)
  A white imp (D:7)
  An ufetubus (D:5)
  A worm (D:3)
  2 dart slugs
  31 orcs
  9 ball pythons
  6 bats
  4 endoplasms
  4 goblins
  9 hobgoblins
  2 jackals (D:4)
  5 quokkas
  2 frilled lizards
  17 kobolds
  5 rats
  2 fulminant prisms (D:9)
189 creatures vanquished.

Vanquished Creatures (others)
  55 fulminant prisms
55 creatures vanquished.

Grand Total: 244 creatures vanquished

Notes
Turn   | Place    | Note
-------+----------+-------------------------------------------
     0 | D:1      | OTABOTABOTAB the Deep Elf Conjurer began the quest for the
                  | Orb.
     0 | D:1      | Reached XP level 1. HP: 10/10 MP: 6/6
   245 | D:1      | Reached XP level 2. HP: 15/15 MP: 5/8
   248 | D:1      | Learned a level 2 spell: Searing Ray
   661 | D:2      | Reached skill level 5 in Conjurations
   719 | D:2      | Reached XP level 3. HP: 19/19 MP: 0/10
  1132 | D:2      | Reached skill level 4 in Spellcasting
  1330 | D:2      | Got the Meditations on Quantum Inhalation
  1624 | D:3      | Noticed Ijyb
  1633 | D:3      | Killed Ijyb
  1634 | D:3      | Reached XP level 4. HP: 21/24 MP: 0/12
  1641 | D:3      | Learned a level 4 spell: Fulminant Prism
  1646 | D:3      | Learned a level 4 spell: Iskenderun's Mystic Blast
  1873 | D:3      | Noticed Sigmund
  1891 | D:3      | Killed Sigmund
  1892 | D:3      | Reached skill level 6 in Conjurations
  1892 | D:3      | Reached skill level 2 in Hexes
  1892 | D:3      | Reached skill level 1 in Translocations
  1892 | D:3      | Reached XP level 5. HP: 19/28 MP: 4/14
  2088 | D:3      | Reached skill level 5 in Spellcasting
  2270 | D:3      | Reached XP level 6. HP: 32/32 MP: 15/15
  2676 | D:4      | Found an opulent altar of Gozag.
  3065 | D:4      | Reached skill level 2 in Translocations
  3142 | D:4      | Reached skill level 7 in Conjurations
  3142 | D:4      | Reached skill level 3 in Hexes
  3597 | D:5      | Entered Level 5 of the Dungeon
  3597 | D:5      | Noticed an ice beast
  3603 | D:5      | Killed an ice beast
  3604 | D:5      | Reached XP level 7. HP: 36/36 MP: 12/17
  3880 | D:5      | Reached skill level 6 in Spellcasting
  3880 | D:5      | Reached skill level 3 in Translocations
  3945 | D:5      | Reached skill level 4 in Hexes
  4024 | D:5      | Found a white marble altar of Elyvilon.
  4025 | D:5      | Found a shimmering blue altar of Sif Muna.
  4029 | D:5      | Found a burning altar of Makhleb.
  4039 | D:5      | Became a worshipper of Sif Muna the Loreminder
  4240 | D:5      | Noticed Menkaure
  4246 | D:5      | Killed Menkaure
  4247 | D:5      | Reached skill level 8 in Conjurations
  4247 | D:5      | Reached skill level 1 in Invocations
  4407 | D:5      | Found a glowing golden altar of the Shining One.
  4623 | D:6      | Reached XP level 8. HP: 41/41 MP: 19/19
  4691 | D:6      | Reached skill level 4 in Translocations
  4877 | D:6      | Identified the +1 scale mail "Uzeboha" {*Corrode rElec
                  | rPois}
  4899 | D:6      | Reached skill level 2 in Invocations
  4957 | D:6      | Found a staircase to the Ecumenical Temple.
  5094 | D:6      | Found a sacrificial altar of Ru.
  5094 | D:6      | Found a shadowy altar of Dithmenos.
  5324 | D:6      | Found a blossoming altar of Fedhas.
  5463 | D:7      | Found an ornate altar of the Wu Jian Council.
  5498 | D:7      | Reached skill level 7 in Spellcasting
  5567 | D:7      | Reached skill level 9 in Conjurations
  5572 | D:7      | Reached skill level 3 in Invocations
  5886 | D:7      | Found an iron altar of Okawaru.
  6259 | D:8      | Reached * piety under Sif Muna
  6381 | D:8      | Reached skill level 8 in Spellcasting
  6381 | D:8      | Reached skill level 4 in Invocations
  6381 | D:8      | Reached XP level 9. HP: 43/45 MP: 20/23
  6384 | D:8      | Reached skill level 10 in Conjurations
  6988 | D:8      | Reached ** piety under Sif Muna
  7351 | D:8      | Found a staircase to the Lair.
  7424 | D:8      | You fall into a shaft and drop 1 floor!
  7498 | D:9      | Reached skill level 5 in Invocations
  7571 | D:9      | Reached skill level 11 in Conjurations
  7572 | D:9      | Reached skill level 9 in Spellcasting
  7716 | D:9      | Noticed Maggie
  7721 | D:9      | Reached skill level 12 in Conjurations
  7721 | D:9      | Reached skill level 6 in Invocations
  7721 | D:9      | Reached XP level 10. HP: 47/50 MP: 16/25
  7727 | D:9      | Reached skill level 10 in Spellcasting
  7730 | D:9      | HP: 6/50 [Maggie/+2 heavy long sword (17)]
  7734 | D:9      | Killed Maggie
  8167 | D:9      | Found a broken altar of Ashenzari.
  8425 | D:9      | Noticed a two-headed ogre
  8431 | D:9      | Killed a two-headed ogre
  8432 | D:9      | Reached skill level 7 in Invocations
  8728 | D:10     | Entered Level 10 of the Dungeon
  8865 | D:10     | Reached skill level 13 in Conjurations
  8866 | D:10     | Noticed Erica
  8877 | D:10     | Killed Erica
  8878 | D:10     | Reached skill level 11 in Spellcasting
  8882 | D:10     | Noticed a two-headed ogre
  8888 | D:10     | Killed a two-headed ogre
  8902 | D:10     | Noticed Joseph
  8903 | D:10     | HP: 11/50 [Joseph/sling bullet (15)]
  8904 | D:10     | Shot with a sling bullet by Joseph

Illustrated notes

Levels and vault maps discovered:
D:1:      scummos_arrival_star, layout_rooms, minmay_tetromino_t2
D:2:      layout_rooms, nicolae_titane
D:3:      layout_basic, uniq_sigmund, uniq_ijyb
D:4:      layout_gridville, grunt_gozag_statues
D:5:      layout_rooms, nicolae_tso_carved_into_rock,
          grunt_temple_overflow_open, minmay_liquid_box,
          small_statue_intersection, uniq_menkaure
D:6:      layout_loops_ring, fedhas_altar_1, gammafunk_temple_overflow_wave,
          temple_pool_b
D:7:      layout_cave_pools, nzn_wu_jian_contemplation, amcnicky_altar_gilded
D:8:      layout_cave_pools, lair_entry_dummy, serial_co_window_serial,
          co_window_paths_a, co_window_paths_b, co_window_of_opportunity_a,
          co_window_of_opportunity_a, co_window_paths_b, co_window_corner_cb,
          co_window_broadway_c, co_window_corner_b, co_window_broadway_b,
          co_window_broadway_c, co_window_4corner_b, co_window_4corner_a,
          glass_columns_b
D:9:      layout_rooms, nicolae_ashenzari_skybound, serial_park_tiny_2,
          st_stairs_5, uniq_maggie
D:10:     layout_rooms, minmay_orc_entry_guard_dogs, amcnicky_mini_pool_small,
          uniq_erica, uniq_grum, uniq_psyche, uniq_joseph

Skill      XL: |  1  2  3  4  5  6  7  8  9 10 |
---------------+-------------------------------+-----
Conjurations   | 5 6 7 8 9 12 13 | 13.5
Spellcasting   | 4 5 6 8 9 11 | 11.2
Hexes          | 2 3 4 |  4.0
Translocations | 1 2 3 4 |  4.0
Invocations    | 1 4 6 7 |  7.8
Dodging        | |  2.4
Stealth        | |  2.4

Action                   |  1- 3 |  4- 6 |  7- 9 | 10-12 || total
-------------------------+-------+-------+-------+-------++-------
Melee: Unarmed           |     5 |       |       |       ||     5
       Short sword       |     1 |     4 |     2 |       ||     7
Throw: Dart              |     2 |       |       |       ||     2
 Cast: Magic Dart        |    83 |    42 |   100 |       ||   225
       Searing Ray       |     2 |     8 |    20 |     5 ||    35
       Fulminant Prism   |       |     3 |    31 |    23 ||    57
       Iskenderun's Myst |       |     1 |    25 |    14 ||    40
Invok: Channel Magic     |       |       |     1 |     2 ||     3
  Use: Scroll            |       |       |    13 |     1 ||    14
       Potion            |       |       |       |     2 ||     2
Armor: Robe              |     3 |     2 |     1 |       ||     6
       Steam dragon scal |       |       |     3 |     1 ||     4
Dodge: Dodged            |    16 |    10 |    22 |     5 ||    53

Table legend: (Time is in decaauts)
 A = Elapsed time spent in this place.
 B = Non-inter-level travel time spent in this place.
 C = Inter-level travel time spent in this place.
 D = Time resting spent in this place.
 E = Time spent auto-exploring this place.
 F = Levels seen in this place.
 G = Mean time per level.
                   A        B        C        D        E       F      G
               +--------+--------+--------+--------+--------+-----+--------+
         Total |   8909 |   8681 |    228 |   1007 |   6690 |  10 |  890.9 |
       Dungeon |   8909 |   8681 |    228 |   1007 |   6690 |  10 |  890.9 |
               +--------+--------+--------+--------+--------+-----+--------+

Top non-repeatable levels by time:
     D:9: 1303 daAuts
     D:4: 1298 daAuts
     D:8: 1119 daAuts
     D:3: 983 daAuts
     D:6: 909 daAuts
     D:7: 863 daAuts
     D:5: 808 daAuts
     D:2: 776 daAuts
     D:1: 656 daAuts
    D:10: 190 daAuts

Table legend:
 A = Kills in this place as a percentage of kills in entire the game.
 B = Kills by you in this place as a percentage of kills by you in the entire game.
 C = Kills by friends in this place as a percentage of kills by friends in the entire game.
 D = Other kills in this place as a percentage of other kills in the entire game.
 E = Experience gained in this place as a percentage of experience gained in the entire game.
 F = Experience gained in this place divided by the number of levels of this place that you have seen.
                   A       B       C       D       E      F
               +-------+-------+-------+-------+-------+----------------------
         Total | 100.0 | 100.0 |   N/A |   N/A | 100.0 | 1053.6
       Dungeon | 100.0 | 100.0 |   N/A |   N/A | 100.0 | 1053.6
               +-------+-------+-------+-------+-------+----------------------
